 Dungeon Crawl Stone Soup version 0.32-a0-571-gec57dfcd37 (webtiles) character file.

Game seed: 2050097759329952963

133 Aneyh the Ducker (level 5, -3/32 HPs)
             Began as a Tengu Monk on Feb 29, 2024.
             Killed by divine providence
             ... invoked by an orc priest
              (14 damage)
             ... on level 3 of the Dungeon.
             The game lasted 00:02:34 (1869 turns).

Aneyh the Ducker (Tengu Monk)                       Turns: 1869, Time: 00:02:37

Health: -3/32      AC: 11    Str: 12    XL:     5   Next: 16%
Magic:  6/6        EV: 13    Int: 10    God:
Gold:   108        SH:  0    Dex: 18    Spells: 4/4 levels left

rFire   . . .        b - +2 hand axe (drain)
rCold   + . .        (no shield)
rNeg    + . .        o - +2 ring mail {rC+}
rPois   .            (helmet restricted)
rElec   .            (no cloak)
rCorr   .            (no gloves)
SInv    .            (boots unavailable)
Will    .....        r - amulet of regeneration
Stlth   +            l - +4 ring of protection
HPRegen 1.05/turn    s - ring of positive energy
MPRegen 0.10/turn

%: acrobat
@: no status effects
A: beak, talons 3, acrobatic
a: Convert to Beogh


You were on level 3 of the Dungeon.
You visited 1 branch of the dungeon, and saw 3 of its levels.

You collected 108 gold pieces.

Inventory:

Hand Weapons
 a - a +1 dagger of draining
 b - a +2 hand axe of draining (weapon)
 g - a +0 falchion
 i - a +0 spear
 q - a +0 trident
Armour
 d - an orb of light
 f - a +0 leather armour
 j - a +0 robe
 o - a +2 ring mail of cold resistance (worn)
Jewellery
 l - a +4 ring of protection (left hand)
 r - an amulet of regeneration (around neck)
 s - a ring of positive energy (right hand)
Scrolls
 k - a scroll of teleportation {unknown}
Potions
 c - 2 potions of ambrosia
 e - a potion of haste {unknown}
 h - a potion of might {unknown}
 m - a potion of magic {unknown}
 n - 2 potions of resistance {unknown}
 p - a potion of curing {unknown}


   Skills:
 + Level 3.2 Fighting
 - Level 3.2 Long Blades
 * Level 6.1 Dodging


You had 4 spell levels left.
You didn't know any spells.
Your spell library contained the following spells:

 Spells                   Type           Power      Damage    Failure   Level
 Tukima's Dance           Hex            0%         N/A       95%         3
 Passage of Golubria      Tloc           0%         N/A       100%        4
 Yara's Violent Unravell  Hex/Alch       0%         3d3       100%        5


Dungeon Overview and Level Annotations

Branches:
Dungeon (3/15)

Altars:
Cheibriados


Innate Abilities, Weirdness & Mutations

You have a beak for a mouth.
You have claws for feet.
You can magically evade attacks while moving or waiting.


Message History

An orc priest, an orc wizard and an orc come into view.
The orc priest shouts!
The orc wizard shouts!
The orc shouts!
You hear a shout!
The orc completely misses you.
You hit the orc. You claw the orc, but do no damage. You peck the orc.
The orc is moderately wounded.
An orc priest comes into view. It is wielding a +0 club.
The orc hits you but does no damage.
You hit the orc. You drain the orc.
You kill the orc! 2 orcs come into view.
The orc shouts!
You hear a shout!
An orc comes into view. It is wielding a +0 flail.
An orc priest comes into view. It is wielding a +0 dagger.
The orc priest shouts!
The orc wizard hits you with a +0 dagger.
The orc completely misses you.
The orc priest invokes the aid of Beogh against you.
Pain shoots through your body!
The orc shouts!
You hit the orc but do no damage. You claw the orc.
The orc is moderately wounded.
You miss the orc wizard. You hit the orc priest.
The orc wizard hits you but does no damage.
The orc barely misses you. The orc priest closely misses you.
The orc priest mumbles some strange prayers to Beogh against you.
Beogh smites you!
The orc priest threatens, "Beogh's wrath is as vast as their mercy.
Make your choice!" (press Y on the ability menu to convert to Beogh)
You closely miss the orc.
The orc is moderately wounded.
The orc priest shouts, "The Pantheon deserves no one's loyalty.
Let us show you the true path!"
You hit the orc wizard.
The orc priest shouts, "Surrender to Beogh and we'll let you live!"
You hit the orc priest. You drain the orc priest.
The orc wizard closely misses you. The orc hits you with a +0 short sword.
The orc priest calls upon Beogh to heal the orc.
The orc's wounds heal themselves!
The orc priest calls down the wrath of Beogh upon you.
Beogh smites you!
You die...

.. ...........
##########.###........##
.............#.######.#
.............#.# #.#
.............#.# #.#
.............#.# #.#
.............#.# #.##
...o..o......#.# #.##
..o.ooo@)....#.# #...
...o..o......#.########.
.....................รท..
.............#.##...####
.............#.##...# #
...............##...####
....................#...
.............##.....#.#.
........##.....#.#.


You could see 3 orc priests, an orc wizard and 4 orcs.

Vanquished Creatures
  Terence (D:2)
  5 adders
  3 dart slugs
  5 orcs (D:3)
  4 ball pythons
  4 endoplasms
  A giant cockroach (D:3)
  6 goblins
  3 hobgoblins
  6 jackals (D:2)
  4 kobolds
  4 bats
  3 frilled lizards
  A rat (D:1)
50 creatures vanquished.

Notes
Turn   | Place    | Note
-------+----------+-------------------------------------------
     0 | D:1      | Aneyh the Tengu Monk began the quest for the Orb.
     0 | D:1      | Reached XP level 1. HP: 14/14 MP: 2/2
   130 | D:1      | Reached XP level 2. HP: 19/19 MP: 3/3
   153 | D:1      | Reached skill level 4 in Dodging
   929 | D:2      | Reached XP level 3. HP: 23/23 MP: 4/4
  1206 | D:2      | Reached skill level 5 in Dodging
  1211 | D:2      | Noticed Terence
  1222 | D:2      | Killed Terence
  1223 | D:2      | Reached XP level 4. HP: 26/28 MP: 5/5
  1735 | D:3      | Reached skill level 6 in Dodging
  1735 | D:3      | Reached XP level 5. HP: 30/32 MP: 6/6
  1808 | D:3      | Found a snail-covered altar of Cheibriados.
  1869 | D:3      | Killed from afar by an orc priest

Illustrated notes

Levels and vault maps discovered:
D:1:      evilmike_arrival_plus, layout_loops_corners, serial_glass,
          glass_columns_b, glass_columns_b
D:2:      layout_rooms, nicolae_concentric_dashed_squares_wild,
          grunt_ministairs_12, uniq_terence
D:3:      layout_basic, lemuel_round_altar

Skill      XL: |  1  2  3  4 |
---------------+-------------+-----
Dodging        | 4 5 6 |  6.1
Fighting       | |  3.2
Long Blades    | |  3.2

Action                     |  1- 3 |  4- 6 || total
---------------------------+-------+-------++-------
  Melee: Falchion          |    11 |       ||    11
         Kick              |    16 |    14 ||    30
         Peck              |     7 |    10 ||    17
         Dagger            |    55 |     8 ||    63
         Hand axe          |       |    52 ||    52
   Stab: Sleeping          |     2 |       ||     2
 Armour: Robe              |     3 |       ||     3
         Leather armour    |     8 |       ||     8
         Ring mail         |    12 |    32 ||    44
  Dodge: Dodged            |    55 |    50 ||   105

Table legend: (Time is in decaauts)
 A = Elapsed time spent in this place.
 B = Non-inter-level travel time spent in this place.
 C = Inter-level travel time spent in this place.
 D = Time resting spent in this place.
 E = Time spent auto-exploring this place.
 F = Levels seen in this place.
 G = Mean time per level.
                   A        B        C        D        E       F      G
               +--------+--------+--------+--------+--------+-----+--------+
         Total |   1877 |   1774 |    103 |      0 |   1433 |   3 |  625.7 |
       Dungeon |   1877 |   1774 |    103 |      0 |   1433 |   3 |  625.7 |
               +--------+--------+--------+--------+--------+-----+--------+

Top non-repeatable levels by time:
     D:1: 919 daAuts
     D:2: 535 daAuts
     D:3: 421 daAuts
